 Dungeon Crawl Stone Soup version 0.24-b1-48-gd9db55c (webtiles) character file.

Game seed: 538364550576368639, levelgen mode: deterministic

612 Bucky5 the Chopper (level 7, -2/55 HPs)
             Began as a Demonspawn Abyssal Knight on Oct 25, 2019.
             Was a Priest of Lugonu.
             Slain by an ogre
             ... wielding a +0 giant club
              (15 damage)
             ... on level 5 of the Dungeon.
             The game lasted 00:08:44 (6146 turns).

Bucky5 the Chopper (Demonspawn Abyssal Knight)      Turns: 6146, Time: 00:08:44

Health: -2/55      AC:  9    Str: 14    XL:     7   Next: 20%
Magic:  0/9        EV:  6    Int: 13    God:    Lugonu [***...]
Gold:   218        SH:  7    Dex: 13    Spells: 6/6 levels left

rFire    . . .     SeeInvis .   v - +0 broad axe
rCold    . . .     Gourm    .   x - +0 shield
rNeg     . . .     Faith    .   q - +0 scale mail
rPois    .         Spirit   +   (no helmet)
rElec    .         Reflect  .   h - +0 cloak
rCorr    .         Harm     .   (no gloves)
MR       .....                  m - +0 pair of boots
Stlth    ..........             k - amulet of the acrobat
HPRegen  0.18/turn              (no ring)
MPRegen  0.11/turn              (no ring)

@: no status effects
A: hooves 2, magic shield, rot immunity
a: Depart the Abyss, Bend Space, Banish, Renounce Religion


You were on level 5 of the Dungeon.
You worshipped Lugonu.
Lugonu was most pleased with you.
You were hungry.

You visited 1 branch of the dungeon, and saw 5 of its levels.
You visited the Abyss 1 time.

You collected 218 gold pieces.

Inventory:

Hand Weapons
 v - a +0 broad axe (weapon)
Missiles
 d - 114 stones (quivered)
Armour
 h - a +0 cloak (worn)
 m - a +0 pair of boots (worn)
 q - a +0 scale mail (worn)
 x - a +0 shield (worn)
Jewellery
 k - an amulet of the acrobat (around neck)
Wands
 p - a wand of iceblast (8)
 w - a wand of flame (13)
Scrolls
 b - a scroll of fear
 e - a scroll of random uselessness {unknown}
 i - a scroll of blinking {unknown}
 j - 5 scrolls of identify
 s - a scroll of remove curse
 t - 2 scrolls of teleportation
 y - a scroll of noise {unknown}
Potions
 a - 2 potions of degeneration {unknown}
 f - a potion of curing
 g - 2 potions of lignification {unknown}
 l - a potion of haste {unknown}
 n - a potion of ambrosia {unknown}
 o - a potion of heal wounds {unknown}
 r - a potion of magic {unknown}
 u - a potion of brilliance {unknown}
Comestibles
 c - 7 rations


   Skills:
 + Level 4.6 Fighting
 + Level 5.1 Axes
 + Level 3.7 Armour
 - Level 0.8 Dodging
 + Level 1.3 Shields
 + Level 2.9 Invocations


You had 6 spell levels left.
You didn't know any spells.
Your spell library contained the following spells:

 Spells                   Type           Power        Failure   Level  Hunger
 Corona                   Hex            #......      100%        1    ##.....
 Ensorcelled Hibernation  Hex/Ice        #.....       100%        2    ###....
 Confuse                  Hex            #.......     100%        3    ####...
 Dazzling Spray           Conj/Hex       #.....       100%        3    ####...
 Tukima's Dance           Hex            #.......     100%        3    ####...


Dungeon Overview and Level Annotations

Branches:
Dungeon (5/15)             Temple (0/1) D:4

Altars:
Makhleb
Nemelex Xobeh
Qazlal
Xom

Annotations:
D:5 1 runed translucent door, Blork the orc


Innate Abilities, Weirdness & Mutations

You have hoof-like feet.
When hurt, damage is shared between your health and your magic reserves.
You are immune to rotting.


Message History

Press: ? - help, Shift-Dir - straight line, f/p - ogre
Aim: an ogre, wielding a +0 giant club (lightly wounded)
You throw a stone. The stone hits the ogre.
The ogre is lightly wounded.
You block the ogre's attack.
You are feeling hungry.
You slash the ogre!
The ogre is moderately wounded.
You block the ogre's attack.
You hit the ogre but do no damage.
The ogre is moderately wounded.
You block the ogre's attack.
You barely miss the ogre.
The ogre is moderately wounded.
The ogre hits you with a +0 giant club!! x2
* * * LOW HITPOINT WARNING * * *
You slash the ogre!
The ogre is heavily wounded.
The ogre hits you with a +0 giant club!!
You die...

########## #........#
### ##........# #..
#@O(......# #.#
#.........# #.##
#######.........#####...
........(...............
######.#.....####......
#.+...............
###.......##..#†.#
+........#.##..#..#
#####.##.#.....##..


You could see an ogre.

Vanquished Creatures
  A sky beast (D:5)
  An ogre (D:4)
  A scorpion (D:2)
  A hound (D:4)
  A bullfrog skeleton (D:4)
  3 orc wizards (D:3)
  Ijyb (D:2)
  A worker ant (D:4)
  7 adders
  3 gnolls (D:2)
  A howler monkey skeleton (D:4)
  A shadow imp (D:5)
  An ooze (D:2)
  2 adder skeletons (D:4)
  3 worms
  2 dart slugs
  A leopard gecko (D:4)
  12 orcs
  3 bats
  5 giant cockroaches
  14 goblins
  10 hobgoblins
  7 kobolds
  2 quokkas
  A ball python (D:3)
  10 frilled lizards
  11 rats
106 creatures vanquished.

Notes
Turn   | Place    | Note
-------+----------+-------------------------------------------
     0 | Abyss:1  | Bucky5 the Demonspawn Abyssal Knight began the quest for
                  | the Orb.
     0 | Abyss:1  | Reached XP level 1. HP: 18/18 MP: 2/2
    60 | Abyss:1  | Found a corrupted altar of Lugonu.
    77 | Abyss:1  | Found a corrupted altar of Lugonu.
   164 | Abyss:1  | Noticed a small abomination
   170 | D:1      | Escaped the Abyss
   564 | D:1      | Reached skill level 2 in Axes
   736 | D:1      | Gained mutation: You have large cloven feet. [demonic
                  | ancestry]
   736 | D:1      | Reached XP level 2. HP: 23/24 MP: 3/3
   798 | D:1      | Reached * piety under Lugonu
   964 | D:1      | Found a shimmering altar of Xom.
  1432 | D:2      | Gained mutation: When hurt, damage is shared between your
                  | health and your magic reserves. [demonic ancestry]
  1432 | D:2      | Reached XP level 3. HP: 29/29 MP: 5/5
  1489 | D:2      | Noticed a scorpion
  1518 | D:2      | Killed a scorpion
  1518 | D:2      | Gained mutation: You are immune to rotting. [demonic
                  | ancestry]
  1518 | D:2      | Reached XP level 4. HP: 17/37 MP: 1/6
  1756 | D:2      | Reached skill level 3 in Axes
  2000 | D:2      | Found a faded altar of an unknown god.
  2021 | D:2      | Reached ** piety under Lugonu
  2393 | D:2      | Gained mutation: You have hoof-like feet. [demonic
                  | ancestry]
  2393 | D:2      | Reached XP level 5. HP: 42/42 MP: 7/7
  2421 | D:2      | Noticed Ijyb
  2471 | D:2      | Killed Ijyb
  2600 | D:2      | Noticed a water elemental
  2602 | D:2      | Found a stormy altar of Qazlal.
  2603 | D:2      | Noticed a fire elemental
  2603 | D:2      | Noticed an air elemental
  3212 | D:3      | Reached skill level 4 in Axes
  3484 | D:3      | Reached XP level 6. HP: 39/48 MP: 6/8
  3532 | D:3      | Reached *** piety under Lugonu
  4335 | D:4      | Found a staircase to the Ecumenical Temple.
  5512 | D:5      | Entered Level 5 of the Dungeon
  5533 | D:5      | Noticed Blork the orc
  5544 | D:5      | Found the +9 staff of Olgreb {rPois}
  5574 | D:5      | Found a runed translucent door.
  5644 | D:4      | Reached skill level 5 in Axes
  5644 | D:4      | Reached skill level 1 in Shields
  5644 | D:4      | Reached XP level 7. HP: 28/55 MP: 6/9
  6122 | D:5      | Found a burning altar of Makhleb.
  6122 | D:5      | Found a sparkling altar of Nemelex Xobeh.
  6146 | D:5      | Slain by an ogre

Skill      XL: |  1  2  3  4  5  6 |
---------------+-------------------+-----
Armour         | 2 3 |  3.7
Axes           | 2 3 4 5 |  5.1
Fighting       | 4 |  4.6
Shields        | 1 |  1.3
Dodging        | |  0.8
Invocations    | |  2.9

Action                   |  1- 3 |  4- 6 |  7- 9 || total
-------------------------+-------+-------+-------++-------
Melee: Hand axe          |    94 |   240 |       ||   334
       Kick              |     9 |       |       ||     9
       Broad axe         |       |   102 |    19 ||   121
Throw: Stone             |       |       |     2 ||     2
Invok: Depart the Abyss  |     1 |       |       ||     1
       Bend Space        |       |     3 |       ||     3
  Use: Scroll            |     1 |     6 |       ||     7
       Potion            |     3 |     2 |       ||     5
  Eat: Chunk             |     2 |     6 |     2 ||    10
       Ration            |       |     2 |       ||     2
Armor: Leather armour    |    28 |       |       ||    28
       Ring mail         |    11 |    37 |       ||    48
       Scale mail        |       |   144 |     7 ||   151
Dodge: Dodged            |    71 |   175 |     5 ||   251
Block: Shield            |       |    69 |     7 ||    76
